[Event "*** Titled Tuesday Blitz"]
[Site "Chess.com"]
[Date "2020.04.28"]
[Round "7"]
[White "UmutErdemGunduz"]
[Black "Ind1anStar"]
[Result "0-1"]
[WhiteElo "2415"]
[BlackElo "2591"]
[TimeControl "180+1"]
[EndTime "11:17:45 PDT"]
[Termination "Ind1anStar won on time"]

1. e4 e6 2. d4 d5 3. Nc3 Nf6 4. e5 Nfd7 5. f4 c5 6. Nf3 Nc6 7. Be3 Be7 8. Qd2 O-O 9. dxc5 Bxc5 10. O-O-O Qa5 11. Bxc5 Nxc5 12. Kb1 Rd8 13. Nd4 Bd7 14. h4 Rac8 15. Rh3 a6 16. h5 b5 17. Nxc6 Bxc6 18. Bd3 b4 19. Ne2 Ne4 20. Qe3 Bb5 21. Bxe4 dxe4 22. Rxd8+ Rxd8 23. Nc1 Bc6 24. h6 g6 25. Rh1 Bd5 26. g4 Qc7 27. Rh2 a5 28. Rd2 a4 29. Rd4 a3 30. bxa3 bxa3 31.
Rb4 Rc8 32. c3 Rb8 33. Rxb8+ Qxb8+ 34. Kc2 Qb2+ 35. Kd1 Qh2 36. Qc5 Qxh6 0-1

[Event "*** Titled Tuesday Blitz"]
[Site "Chess.com"]
[Date "2020.04.28"]
[Round "7"]
[White "karwowskikacper"]
[Black "Zhani-Z"]
[Result "0-1"]
[WhiteElo "2346"]
[BlackElo "2490"]
[TimeControl "180+1"]
[EndTime "11:17:45 PDT"]
[Termination "Zhani-Z won by resignation"]

1. e4 e5 2. Nf3 Nc6 3. Bb5 a6 4. Ba4 d6 5. c3 f5 6. exf5 Bxf5 7.
d4 e4 8. Qe2 Be7 9. Nfd2 Nf6 10. d5 b5 11. Bc2 Ne5 12. Nxe4 Bxe4 13. Bxe4 Nxe4 14. Qxe4 O-O 15. O-O Bf6 16. a4 Qd7 17.
axb5 axb5 18. Rxa8 Rxa8 19. Na3 Ra4 20. Qc2 b4 21.
cxb4 Rxb4 22. Bd2 Rxb2 23. Qc1 Qa4 24. Bc3 Rb3 25. Bxe5 Bxe5 26. Qxc7 Rxa3 27. Qc8+ Kf7 28. Qe6+ Kf8 29. Qf5+ Ke7 30. Qxh7 Qf4 31. Qh3 Rxh3 0-1

[Event "*** Titled Tuesday Blitz"]
[Site "Chess.com"]
[Date "2020.04.28"]
[Round "7"]
[White "MarcoRiehle"]
[Black "Ave_Mariia"]
[Result "1-0"]
[WhiteElo "2558"]
[BlackElo "2289"]
[TimeControl "180+1"]
[EndTime "11:17:45 PDT"]
[Termination "MarcoRiehle won by resignation"]

1. e4 c5 2. a3 e5 3. Nc3 Nc6 4. Bc4 d6 5. d3 Be7 6. f4 Nf6 7. Nf3 O-O 8. O-O Bg4 9. h3 Bxf3 10. Qxf3 Nd4 11. Qf2 Qd7 12. Nd5 b5 13. Nxf6+ Bxf6 14. Bd5 Rae8 15. f5 Kh8 16. g4 g6 17. g5 Bd8 18. f6 Qxh3 19. Qg2 Qxg2+ 20. Kxg2 Nxc2 21.
Rb1 Bb6 22. Rh1 h5 23. gxh6 Kh7 24. Bd2 Rc8 25. Rbc1 Nd4 26. Be3 c4 27. dxc4 Ne2 28.
Rc2 Bxe3 29. Rxe2 Bxh6 30. Kf3 g5 31. Reh2 g4+ 32. Ke2 Kg6 33. Rxh6+ Kg5 34. R6h5+ Kf4 35. Rf5+ Kg3 36. Rg1+ Kh2 37. Rxg4 Rh8 38. Bxf7 bxc4 39. Rh5+ Rxh5 40. Bxh5 c3 41. bxc3 Rxc3 42. f7 Rc2+ 43. Kd3 Rf2 44. Rg5 1-0

[Event "*** Titled Tuesday Blitz"]
[Site "Chess.com"]
[Date "2020.04.28"]
[Round "7"]
[White "guillembaches"]
[Black "queen_iryna"]
[Result "1-0"]
[WhiteElo "2421"]
[BlackElo "2266"]
[TimeControl "180+1"]
[EndTime "11:17:45 PDT"]
[Termination "guillembaches won by resignation"]

1. e4 d6 2. d4 Nf6 3. f3 e5 4. Ne2 Nbd7 5. c4 Be7 6. Nbc3 O-O 7. Be3 c6 8. Qd2 Re8 9. g4 h6 10. d5 cxd5 11. cxd5 Nh7 12. O-O-O Bg5 13. Kb1 Nc5 14.
Nc1 Bd7 15. Nd3 b5 16. Nxc5 dxc5 17. d6 Bc6 18. Bxb5 Bxb5 19. Nxb5 Qb6 20. Nc7 Bxe3 21. Nxa8 Rxa8 22. Qxe3 Rb8 23. Rd2 Nf8 24. Rc1 Nd7 25.
Qc3 Qa6 26. Qc4 Qb6 27. Rcc2 Rb7 28. h4 Rb8 29. g5 hxg5 30. hxg5 g6 31. b3 Kg7 32.
Rd5 Rh8 33. Kb2 Qd8 34. Rg2 Nb6 35. Qxc5 Nxd5 36. Qxd5 Re8 37. d7 Re7 38. Rd2 Re6 39. Qb7 Rb6 40. Qc8 Rb8 41. Qxb8 Qxb8 42. d8=Q 1-0

[Event "*** Titled Tuesday Blitz"]
[Site "Chess.com"]
[Date "2020.04.28"]
[Round "7"]
[White "manuellarrea"]
[Black "Future2700"]
[Result "1-0"]
[WhiteElo "2184"]
[BlackElo "2378"]
[TimeControl "180+1"]
[EndTime "11:17:45 PDT"]
[Termination "manuellarrea won by checkmate"]

1. e4 c5 2. Nf3 e6 3. d4 cxd4 4. Nxd4 Nc6 5. Nc3 Qc7 6. Be3 a6 7. Qf3 Bd6 8. O-O-O Be5 9. Kb1 b5 10. a3 Bb7 11. Qe2 Rc8 12. g3 g6 13. f4 Bg7 14.
Bg2 Nge7 15. e5 O-O 16. Ne4 Nxd4 17. Bxd4 Nf5 18. Bf2 d5 19. exd6 Nxd6 20. Nxd6 Bxg2 21.
Rhg1 Bd5 22. Nxc8 Rxc8 23. Bd4 Bf8 24. Be5 Qa5 25. Qd2 b4 26. Qe1 Qb5 27. axb4 Bxb4 28. c3 Bxc3 29. Bxc3 Qb3 30. Rxd5 exd5 31. Qd2 a5 32.
Qd4 Kf8 33. Re1 Rxc3 34. Qh8# 1-0

[Event "*** Titled Tuesday Blitz"]
[Site "Chess.com"]
[Date "2020.04.28"]
[Round "7"]
[White "yoolund"]
[Black "TheoSlade"]
[Result "1-0"]
[WhiteElo "2540"]
[BlackElo "2318"]
[TimeControl "180+1"]
[EndTime "11:17:46 PDT"]
[Termination "yoolund won by checkmate"]

1. d4 Nf6 2. Bg5 d5 3. Bxf6 gxf6 4. c4 e6 5. Nc3 dxc4 6. e3 c5 7. Nf3 Nc6 8. Bxc4 cxd4 9. exd4 Bg7 10. d5 Ne7 11. dxe6 Qxd1+ 12. Rxd1 fxe6 13. O-O Kf7 14. Nb5 Nf5 15. g4 Nh6 16. h3 Ke7 17. Rfe1 e5 18.
g5 Nf7 19. Nc7 Rb8 20. Nd5+ Kf8 21. gxf6 Bh6 22. Nxe5 Nxe5 23. Rxe5 Rg8+ 24. Kh2 Bd7 25. Rh5 Rg6 26. Bd3 Kf7 27. Bxg6+ Kxg6 28. Re5 Bc6 29. Rg1+ Kf7 30. Re7+ Kf8 31. Rxh7 Bxd5 32. Rxh6 Kf7 33.
Rg7+ Kf8 34. Rh8+ Bg8 35. Rhxg8# 1-0

[Event "*** Titled Tuesday Blitz"]
[Site "Chess.com"]
[Date "2020.04.28"]
[Round "7"]
[White "dukicz123"]
[Black "Muracle"]
[Result "0-1"]
[WhiteElo "2500"]
[BlackElo "2673"]
[TimeControl "180+1"]
[EndTime "11:17:47 PDT"]
[Termination "Muracle won by resignation"]

1. e4 c5 2. Nf3 Nc6 3. d4 cxd4 4. Nxd4 e5 5. Nb5 d6 6. N1c3 a6 7. Na3 b5 8. Nd5 Nge7 9. c4 Nxd5 10. cxd5 Nb8 11.
Nc2 Be7 12. a4 bxa4 13. Rxa4 O-O 14. Be2 Nd7 15. b4 Nf6 16. f3 Bd7 17. Ra3 Bb5 18. O-O Nh5 19. Bxb5 axb5 20. Qd3 Rb8 21. Ra5 Bg5 22.
Rxb5 Rc8 23. Bxg5 Qxg5 24. Ne3 Nf4 25. Qd2 Nxg2 26. Qxg2 Qxe3+ 27. Qf2 Qd3 28. Rb6 Rc2 29. Rxd6 Rxf2 30. Rxf2 Qb1+ 31. Kg2 Qxb4 32. Rc6 Rd8 33. Rfc2 h5 34. Rc8 Rxc8 35. Rxc8+ Kh7 36. Rc2 g5 37. Kg3 Kg6 38. Kg2 f6 39. Kf2 g4 40. Re2 Qd4+ 41.
Kg2 Qd3 42. Rf2 gxf3+ 43. Rxf3 Qxe4 44. d6 Qd5 0-1

[Event "*** Titled Tuesday Blitz"]
[Site "Chess.com"]
[Date "2020.04.28"]
[Round "7"]
[White "aa175"]
[Black "Larisa004"]
[Result "0-1"]
[WhiteElo "2440"]
[BlackElo "2138"]
[TimeControl "180+1"]
[EndTime "11:17:47 PDT"]
[Termination "Larisa004 won by checkmate"]

1. d4 Nf6 2. Bf4 d5 3. e3 Bf5 4. Nf3 e6 5. c4 dxc4 6. Bxc4 c5 7. Bxb8 Rxb8 8. Bb5+ Nd7 9. Ne5 Qa5+ 10. Nc3 Rd8 11.
Nxd7 a6 12. Nxc5+ axb5 13. Nxb7 Qb4 14. Nxd8 Qxb2 15. O-O Qxc3 16. Nb7 Qc6 17. Nc5 Bd6 18. Qf3 Qxf3 19. gxf3 e5 20. Rfd1 exd4 21. exd4 f6 22. Ne4 Kd7 23. Nxd6 Kxd6 24. Rac1 Ra8 25. Rc5 Bd7 26. Rd2 Ra3 27. Kg2 Bc6 28. Rf5 Bd5 29. Rc2 Ke6 30. Rh5 Bxf3+ 31. Kg3 Bxh5+ 32. Kh4 Bf3 33. Rc7 g5+ 34. Kg3 Bd5+ 35. f3 Rxf3+ 36.
Kg2 Rc3+ 37. Kf2 Rxc7 38. a4 Rc2+ 39. Ke3 bxa4 40. h4 gxh4 41. Kf4 a3 42. Kg4 a2 43. Kh5 a1=Q 44. Kh6 Rg2 45. Kh5 h3 46. Kh6 h2 47. Kxh7 h1=Q# 0-1

[Event "*** Titled Tuesday Blitz"]
[Site "Chess.com"]
[Date "2020.04.28"]
[Round "7"]
[White "chessdjw"]
[Black "MasterKroket"]
[Result "1-0"]
[WhiteElo "2585"]
[BlackElo "2406"]
[TimeControl "180+1"]
[EndTime "11:17:48 PDT"]
[Termination "chessdjw won by resignation"]

1. e4 c5 2. Nf3 e6 3. d4 cxd4 4. Nxd4 Nc6 5. Nc3 Qc7 6. g3 a6 7. Bg2 d6 8. O-O Bd7 9. Re1 Be7 10. a4 Bf6 11. Nde2 Nge7 12. Bf4 Ne5 13. b3 Rc8 14. h3 O-O 15. a5 Rfd8 16. Bd2 N5c6 17. Ra3 Nxa5 18.
Rxa5 Qxa5 19. Nd5 Qa2 20. Nxf6+ gxf6 21. Nc3 Qb2 22. Qf3 Qxc2 23. Re2 Ng6 24. Qxf6 Bb5 25. Nxb5 axb5 26. Bh6 Qc3 27. e5 Qc1+ 28. Bxc1 Rxc1+ 29.
Kh2 Rd7 30. exd6 Rxd6 31. Ra2 Rc8 32. Bxb7 Rb8 33. Ra8 Rxa8 34. Bxa8 Rd2 35. Be4 Nf8 36.
Kg2 1-0

[Event "*** Titled Tuesday Blitz"]
[Site "Chess.com"]
[Date "2020.04.28"]
[Round "7"]
[White "thedjoker98"]
[Black "petincash"]
[Result "1-0"]
[WhiteElo "2513"]
[BlackElo "2379"]
[TimeControl "180+1"]
[EndTime "11:17:48 PDT"]
[Termination "thedjoker98 won on time"]

1. d4 Nf6 2. c4 g6 3. Nc3 Bg7 4. e4 O-O 5. Be3 d6 6. f3 c5 7.
Nge2 cxd4 8. Nxd4 Nc6 9. Be2 Bd7 10. O-O Nxd4 11. Bxd4 Bc6 12. Qd2 Nd7 13. Bxg7 Kxg7 14.
f4 Qb6+ 15. Kh1 Nc5 16. Bf3 a5 17. Rae1 Ne6 18. Nd5 Bxd5 19. exd5 Qd4 20. Qxd4+ Nxd4 21. Rxe7 Rfe8 22. Rfe1 Rxe7 23. Rxe7 Rc8 24. b3 b5 25.
Re4 bxc4 26. Rxd4 cxb3 27. axb3 Rc3 28. Bd1 Rc1 29. Kg1 Kf6 30. Kf2 Kf5 31. g4+ Kf6 32. Ke3 g5 33. fxg5+ Ke5 34. Re4+ Kxd5 35. Bf3 Kc5 36. Re7 Rc3+ 37. Kf4 Rxb3 38. Rxf7 a4 39. Rxh7 a3 40. Ra7 Kb4 41. g6 Rc3 42. g7 Rc8 43. Bd5 Rc7 44. Rxc7 1-0

[Event "*** Titled Tuesday Blitz"]
[Site "Chess.com"]
[Date "2020.04.28"]
[Round "7"]
[White "Beca95"]
[Black "Shoytan"]
[Result "0-1"]
[WhiteElo "2844"]
[BlackElo "2603"]
[TimeControl "180+1"]
[EndTime "11:17:49 PDT"]
[Termination "Shoytan won on time"]

1. d4 Nf6 2. Nf3 g6 3. Bg5 Bg7 4. Nbd2 d5 5. e3 O-O 6. c3 b6 7.
h4 h5 8. Ne5 Nfd7 9. Nxd7 Nxd7 10. Bd3 Bb7 11. g4 hxg4 12. h5 f5 13. hxg6 Qe8 14. f4 e6 15. Qe2 Nf6 16. O-O-O Qxg6 17. Qg2 Kf7 18. Bc2 Rh8 19. Nc4 Nd7 20. Rhf1 Rh3 21. e4 dxe4 22. Ne5+ Nxe5 23. dxe5 Bc6 24. Qe2 Kg8 25. Qc4 Qe8 26. Bb3 Bd5 27. Rxd5 exd5 28. Qxd5+ Kh7 29. e6 Kg6 30. e7 Bf6 31. Qe6 Qxe7 32. Qxe7 Bxe7 33. Bxe7 Rah8 34. Bd1 Rh1 0-1

[Event "*** Titled Tuesday Blitz"]
[Site "Chess.com"]
[Date "2020.04.28"]
[Round "7"]
[White "quesfr"]
[Black "grzechu96"]
[Result "0-1"]
[WhiteElo "2249"]
[BlackElo "2605"]
[TimeControl "180+1"]
[EndTime "11:17:49 PDT"]
[Termination "grzechu96 won on time"]

1. e4 e5 2. Nf3 Nc6 3. Nc3 Nf6 4. d4 exd4 5. Nxd4 Bb4 6. Nxc6 bxc6 7. Bd3 O-O 8. O-O d5 9. exd5 cxd5 10. h3 Re8 11.
Qf3 c6 12. Bf4 Qe7 13. Bd2 Ne4 14. Bxe4 dxe4 15. Nxe4 Bxh3 16. Nf6+ gxf6 17. Bxb4 Qxb4 18. Qxh3 Qxb2 19. c3 Qb5 20. Rad1 Re5 21. Rd7 Qc4 22. Qg3+ Rg5 23. Qc7 Rf8 24. Re1 Qxc3 25. Ree7 Qa1+ 26. Kh2 Rh5+ 27. Kg3 Qxa2 28. Qxc6 Rg5+ 29. Kh2 Qxf2 0-1

[Event "*** Titled Tuesday Blitz"]
[Site "Chess.com"]
[Date "2020.04.28"]
[Round "7"]
[White "Sandstad"]
[Black "TzoumpasAnastasis"]
[Result "1-0"]
[WhiteElo "2478"]
[BlackElo "2192"]
[TimeControl "180+1"]
[EndTime "11:17:49 PDT"]
[Termination "Sandstad won by resignation"]

1. d4 Nf6 2. Bf4 e6 3. e3 c5 4. c3 Qb6 5. Qb3 Qxb3 6. axb3 cxd4 7. exd4 d6 8. Nd2 Be7 9. Bd3 O-O 10. Ngf3 Rd8 11.
Bc2 Nc6 12. Nc4 Rb8 13. O-O Nd5 14. Bg3 f5 15. Rfe1 Kf7 16. b4 Rd7 17. b5 Nd8 18. Nfe5+ dxe5 19. Nxe5+ Ke8 20. Nxd7 f4 21. Nxb8 fxg3 22. hxg3 Bd6 23. Rxa7 Nb6 24. Bxh7 Bxb8 25. Raa1 Bd7 26. Bd3 Ke7 27. c4 Nf7 28. b3 Nc8 29. c5 Bc7 30. b6 Bd8 31. Bc4 Kf6 32. Ra8 Be7 33. b4 Nd8 34. b5 Kf7 35. f4 Bf6 36. Rd1 Ke7 37. Kf2 Nf7 38. d5 exd5 39. Bxd5 Nd8 40.
c6 bxc6 41. bxc6 Bxc6 42. Rxc8 Ba4 43. Rxd8 Bxd1 44. b7 Kxd8 45. b8=Q+ Ke7 46. Qc7+ Ke8 47. Bf7+ Kf8 48. Qd6+ Be7 49. Qxd1 Kxf7 50. Kf3 Bf6 51. Qd5+ 1-0

[Event "*** Titled Tuesday Blitz"]
[Site "Chess.com"]
[Date "2020.04.28"]
[Round "7"]
[White "Orest_Vovk"]
[Black "frankshar"]
[Result "0-1"]
[WhiteElo "2408"]
[BlackElo "2296"]
[TimeControl "180+1"]
[EndTime "11:17:50 PDT"]
[Termination "frankshar won on time"]

1. d4 Nf6 2. Nc3 d5 3. Bf4 a6 4. e3 Bf5 5. Nf3 e6 6. Bd3 Bg6 7. Bxg6 hxg6 8. O-O Bd6 9. Bxd6 Qxd6 10. Ne5 c5 11.
Qf3 Nc6 12. Qg3 cxd4 13. exd4 Nxd4 14. Rad1 Nf5 15. Qf4 Rh4 16. g4 Rxg4+ 17. Qxg4 Nxg4 18. Nxg4 Qf4 19. h3 O-O-O 20. Rd3 Rh8 21. Ne2 Qg5 22. f4 Qe7 23. Ne5 Qc5+ 24. Kg2 Ne3+ 25. Kf3 Nxf1 26. Rc3 Rxh3+ 0-1

[Event "*** Titled Tuesday Blitz"]
[Site "Chess.com"]
[Date "2020.04.28"]
[Round "7"]
[White "Ashedu66"]
[Black "northridgehawk"]
[Result "1-0"]
[WhiteElo "2128"]
[BlackElo "2296"]
[TimeControl "180+1"]
[EndTime "11:17:52 PDT"]
[Termination "Ashedu66 won by checkmate"]

1. d4 Nf6 2. Nf3 g6 3. c4 Bg7 4. Nc3 d5 5. Bf4 O-O 6. Rc1 Be6 7. cxd5 Nxd5 8. Be5 f6 9. Bg3 Nc6 10. e4 Nxc3 11. Rxc3 Bxa2 12. d5 Na5 13. Bxc7 Bb3 14. Qc1 Qd7 15. Bxa5 Ba4 16. Be2 b6 17. Bb4 a5 18. Ba3 b5 19. b3 b4 20. Rc7 Qg4 21.
bxa4 bxa3 22. O-O Qxe4 23. Bb5 f5 24. Qxa3 h6 25. Rxe7 Qxd5 26. Rxg7+ Kxg7 27. h3 Rac8 28. Re1 Rf7 29. Qe3 Rcc7 30. Qa3 g5 31. Ne5 Rfe7 32. Qb2 Kh7 33. f4 gxf4 34. Bd3 Kg8 35. Bxf5 Rc5 36. Kh2 Rxe5 37. Qb8+ Kf7 38. Qa7+ Kf6 39. Rxe5 Kxe5 40.
Bg4 Rc2 41. Bf3 Qxf3 42. Qb8+ Kd4 43. Qb6+ Kd3 44. Qg6+ Ke3 45. Qxc2 Qg3+ 46. Kh1 Qe1+ 47. Kh2 f3 48. Qb3+ Kf2 49. Qxf3# 1-0

[Event "*** Titled Tuesday Blitz"]
[Site "Chess.com"]
[Date "2020.04.28"]
[Round "7"]
[White "ajian"]
[Black "Kavyev_Ruslan"]
[Result "1-0"]
[WhiteElo "2367"]
[BlackElo "2476"]
[TimeControl "180+1"]
[EndTime "11:17:53 PDT"]
[Termination "ajian won by resignation"]

1. d4 Nf6 2. c4 g6 3. Nc3 d5 4. cxd5 Nxd5 5. e4 Nxc3 6. bxc3 Bg7 7. Bc4 c5 8. Ne2 O-O 9. O-O Nc6 10. Be3 Bg4 11. f3 Bd7 12. Rc1 Rc8 13. Qd2 Qa5 14. d5 Ne5 15. Bd3 Nxd3 16. Qxd3 c4 17. Qd2 e6 18. Nf4 Rfd8 19. Rfd1 exd5 20. Nxd5 Be6 21. Qb2 Bxd5 22. exd5 b6 23. d6 Qe5 24. Bd4 Qxd6 25.
Qf2 Bxd4 26. Rxd4 Qc5 27. Rxd8+ Rxd8 28. Qxc5 bxc5 29. Rc2 Kg7 30. Kf2 Kf6 31. Ke3 Ke5 32.
Rd2 Rxd2 33. Kxd2 Kf4 34. Ke2 h5 35. Kf2 g5 36. g3+ Ke5 37. Ke3 f5 38. h4 g4 39.
fxg4 fxg4 40. Kd2 Ke4 41. Ke2 a6 42. a3 Kd5 43. Ke3 Ke5 44. Kd2 Kd6 45. Ke3 Kc6 46.
Kf4 Kb5 47. Kg5 Ka4 48. Kxh5 Kxa3 49. Kxg4 Kb3 50. h5 Kxc3 51. h6 Kb2 52. h7 c3 53.
h8=Q a5 54. Qb8+ Ka2 55. Qa7 c2 56. Qxa5+ Kb1 57. Qxc5 c1=Q 58. Qxc1+ Kxc1 59. Kf5 Kd2 60. g4 Ke3 61. g5 Kf3 62. g6 1-0

[Event "*** Titled Tuesday Blitz"]
[Site "Chess.com"]
[Date "2020.04.28"]
[Round "7"]
[White "lupta_robin"]
[Black "RovenVogel"]
[Result "1-0"]
[WhiteElo "2564"]
[BlackElo "2705"]
[TimeControl "180+1"]
[EndTime "11:17:54 PDT"]
[Termination "lupta_robin won by resignation"]

1. e4 c5 2. b3 d5 3. exd5 Qxd5 4. Nc3 Qd8 5. Bb5+ Bd7 6. Qe2 Nf6 7. Bb2 Nc6 8. Nf3 Nd4 9. Nxd4 cxd4 10. Ne4 e6 11. Nxf6+ gxf6 12. Bxd4 Rg8 13. O-O Be7 14. Bb2 a6 15.
Bxd7+ Qxd7 16. c4 O-O-O 17. d4 Kb8 18. Rac1 h5 19. Rfd1 h4 20. d5 e5 21. c5 Qh3 22.
f3 Rg6 23. Kh1 Qf5 24. d6 Bf8 25. c6 Bxd6 26. cxb7 h3 27. g3 Rgg8 28. Rf1 Qd7 29. Qxa6 Qxb7 30. Qc4 f5 31. Rcd1 f6 32. Rd5 f4 33.
Rb5 Bc7 34. Rxb7+ Kxb7 1-0

[Event "*** Titled Tuesday Blitz"]
[Site "Chess.com"]
[Date "2020.04.28"]
[Round "7"]
[White "stanyga"]
[Black "skoularikii"]
[Result "1-0"]
[WhiteElo "2700"]
[BlackElo "2523"]
[TimeControl "180+1"]
[EndTime "11:17:54 PDT"]
[Termination "stanyga won by resignation"]

1. e4 e5 2. Nf3 Nc6 3. Bb5 a6 4. Ba4 b5 5. Bb3 Nf6 6. O-O Bc5 7.
c3 d6 8. d4 Bb6 9. h3 O-O 10.
Re1 h6 11. Be3 exd4 12. cxd4 Ne7 13. d5 Bxe3 14. Rxe3 Re8 15. Nd4 Ng6 16. Nc6 Qd7 17. Nd2 Bb7 18. Na5 Bc8 19. Rc1 Nh7 20. Qc2 Ra7 21.
Nc6 Rb7 22. Na5 Ra7 23. Rc3 Nf4 24. Kf1 Qe7 25. Nc6 Qg5 26. Rg3 Qh5 27. Nxa7 Ne2 28. Nxc8 Nxg3+ 29. fxg3 Rxc8 30. Nf3 Nf6 31. e5 dxe5 32.
g4 Qg6 33. Qxg6 fxg6 34. d6+ Kf8 35. Nxe5 Rd8 36. dxc7 Rc8 37. Be6 1-0

[Event "*** Titled Tuesday Blitz"]
[Site "Chess.com"]
[Date "2020.04.28"]
[Round "7"]
[White "swapchess90"]
[Black "plumalka"]
[Result "1-0"]
[WhiteElo "2674"]
[BlackElo "2436"]
[TimeControl "180+1"]
[EndTime "11:17:54 PDT"]
[Termination "swapchess90 won by checkmate"]

1. Nf3 c5 2. g3 Nc6 3. Bg2 e5 4. e4 g6 5. O-O Bg7 6. Nc3 Nge7 7. d3 O-O 8. Nd2 d6 9. Nc4 Rb8 10. a4 Be6 11. Nd5 Bxd5 12. exd5 Nb4 13. Ne3 f5 14. f4 exf4 15. gxf4 Bd4 16. c3 Bxe3+ 17. Bxe3 Nbxd5 18. Bxd5+ Nxd5 19. Qb3 Re8 20. Qxd5+ Kh8 21. Rae1 Qf6 22. Bf2 b6 23. Rxe8+ Rxe8 24. Re1 Rxe1+ 25.
Bxe1 g5 26. Bg3 h5 27. fxg5 Qxg5 28. Qxd6 Qe3+ 29. Bf2 Qc1+ 30. Kg2 Qxb2 31. Qh6+ Kg8 32. Qg6+ Kh8 33. Qxh5+ Kg8 34. Qg6+ Kh8 35. Qxf5 Qxc3 36. Bg3 Qd2+ 37. Kh3 Qh6+ 38. Kg4 Qc6 39. Be5+ Kg8 40.
Kg5 Qg2+ 41. Kh6 Qd2+ 42. Bf4 Qc3 43. Qg6+ Kf8 44. Bd6# 1-0

[Event "*** Titled Tuesday Blitz"]
[Site "Chess.com"]
[Date "2020.04.28"]
[Round "7"]
[White "FedaMaster"]
[Black "WPWPWP-2015"]
[Result "0-1"]
[WhiteElo "2562"]
[BlackElo "2430"]
[TimeControl "180+1"]
[EndTime "11:17:54 PDT"]
[Termination "WPWPWP-2015 won by checkmate"]

1. e4 c5 2. Nf3 e6 3. d4 cxd4 4. c3 Nc6 5. cxd4 d5 6. e5 Nge7 7. Nc3 a6 8. Bd3 Ng6 9. h4 Be7 10. h5 Nf8 11. Rh3 b5 12. Rg3 g6 13. Bg5 Bxg5 14.
Nxg5 h6 15. Nxf7 Kxf7 16. Qf3+ Ke7 17. hxg6 Nxg6 18. Rxg6 Qf8 19. Rf6 Qg7 20. Nxd5+ exd5 21. Qxd5 Bd7 22. Qd6+ Kd8 23. d5 Nxe5 24. Qb6+ Ke8 25. O-O-O Rf8 26. Rxh6 Rc8+ 27. Kb1 Nxd3 28. Qe3+ Qe7 29.
Rxd3 Qxe3 30. Rxe3+ Kd8 31. f3 Bf5+ 32. Re4 Bxe4+ 33.
fxe4 Rf1# 0-1

[Event "*** Titled Tuesday Blitz"]
[Site "Chess.com"]
[Date "2020.04.28"]
[Round "7"]
[White "ehrenfeld"]
[Black "marianokar"]
[Result "0-1"]
[WhiteElo "2485"]
[BlackElo "2375"]
[TimeControl "180+1"]
[EndTime "11:17:54 PDT"]
[Termination "marianokar won on time"]

1. e4 e6 2. d3 d5 3. Qe2 Nf6 4. Nf3 c5 5. g3 b6 6. Bg2 dxe4 7. dxe4 Ba6 8. c4 Nc6 9. e5 Nd7 10. O-O Qc7 11. Re1 h6 12. h4 g6 13. Nc3 O-O-O 14.
Nb5 Qb8 15. Bf4 Bb7 16. Rad1 a6 17. Nd6+ Bxd6 18. Rxd6 Qc7 19. a3 Ne7 20. b4 Nf5 21. Rd2 Nb8 22. bxc5 Qxc5 23. Red1 Nc6 24. g4 Nfd4 25.
Nxd4 Nxd4 26. Bxb7+ Kxb7 27. Qe4+ Qc6 28. Qxc6+ Nxc6 29. Rd6 Kc7 30. Rxd8 Nxd8 31. Be3 h5 32. g5 Nb7 33. Rb1 Nc5 34. Bxc5 bxc5 35. Rd1 Rb8 0-1

[Event "*** Titled Tuesday Blitz"]
[Site "Chess.com"]
[Date "2020.04.28"]
[Round "7"]
[White "maziarbagheri"]
[Black "Susal_De_Silva"]
[Result "1-0"]
[WhiteElo "2414"]
[BlackElo "2268"]
[TimeControl "180+1"]
[EndTime "11:17:54 PDT"]
[Termination "maziarbagheri won by resignation"]

1. Nf3 Nf6 2. c4 b6 3. Nc3 Bb7 4. g3 g6 5. Bg2 Bg7 6. O-O O-O 7. Re1 Ne4 8. Nxe4 Bxe4 9. d3 Bb7 10. e4 e6 11. d4 d5 12. cxd5 exd5 13. e5 c5 14. Bg5 Qd7 15. Qd2 Nc6 16. Bf6 Bxf6 17. exf6 Qf5 18.
dxc5 bxc5 19. Qg5 Qxg5 20. Nxg5 Rad8 21. Rac1 c4 22. Red1 Ne5 23. b3 cxb3 24. axb3 Ba8 25. Rc7 Ng4 26. Rxa7 Nxf6 27. b4 h6 28. Nf3 Ne4 29.
Nd4 Rfe8 30. b5 Nc3 31. Rc1 Ne4 32. Bh3 f5 33. Rcc7 Nd2 34. Rg7+ Kh8 35. Rh7+ Kg8 36.
Rag7+ Kf8 37. Rxg6 Re4 38. Ne6+ Rxe6 39. Rxe6 Nf3+ 40.
Kg2 Ng5 41. Rh8+ Kf7 42. Rxd8 1-0

[Event "*** Titled Tuesday Blitz"]
[Site "Chess.com"]
[Date "2020.04.28"]
[Round "7"]
[White "silverback96"]
[Black "Charlottemillard17"]
[Result "1-0"]
[WhiteElo "2127"]
[BlackElo "1409"]
[TimeControl "180+1"]
[EndTime "11:17:54 PDT"]
[Termination "silverback96 won by checkmate"]

1. e4 e5 2. Nf3 Nc6 3. Bc4 Bc5 4. O-O Nf6 5. d4 exd4 6. e5 Ng8 7. Re1 h6 8. Nfd2 Nge7 9. Ne4 Bb6 10. Qh5 Ng6 11.
Bxf7+ Kxf7 12. Qf5+ Kg8 13. Qxg6 Nxe5 14. Qg3 d6 15. a4 a5 16. Bf4 Ng4 17. h3 Nf6 18. Nxf6+ Qxf6 19. Re8+ Kh7 20. Rxh8+ Kxh8 21. Nd2 d3 22.
cxd3 Qxb2 23. Re1 Bf5 24. Re7 Rg8 25. Nc4 Qb3 26. Qh4 Qb1+ 27. Kh2 Qxd3 28. Bxh6 Bh7 29. Nxb6 cxb6 30. Be3 Qd5 31. Bd4 Qb3 32. Qg5 Qxa4 33. Bxg7+ Rxg7 34. Qxg7# 1-0

[Event "*** Titled Tuesday Blitz"]
[Site "Chess.com"]
[Date "2020.04.28"]
[Round "7"]
[White "jposthuma"]
[Black "WIDBIFS"]
[Result "0-1"]
[WhiteElo "2580"]
[BlackElo "2827"]
[TimeControl "180+1"]
[EndTime "11:17:55 PDT"]
[Termination "WIDBIFS won on time"]

1. d4 Nf6 2. c4 g6 3. Nc3 Bg7 4.
e4 O-O 5. Be3 d6 6. f3 c5 7.
dxc5 dxc5 8. Qxd8 Rxd8 9. Bxc5 Nc6 10. Nge2 b6 11. Ba3 Ba6 12. Nb5 Rd7 13. Nec3 Nh5 14.
Be2 Bb7 15. Nd5 e6 16. Ne3 Rad8 17. Kf2 Nf4 18. Rhd1 Rd2 19. Rxd2 Rxd2 20. Re1 Nd4 21. Nc3 Ndxe2 22. Nxe2 Bd4 23. Bb4 Nd3+ 24. Kf1 Nxb4 25. Nf4 g5 26. Nh5 Nd3 27. Ng4 Nxe1 28. Kxe1 Rxg2 29.
Nh6+ Kf8 0-1

[Event "*** Titled Tuesday Blitz"]
[Site "Chess.com"]
[Date "2020.04.28"]
[Round "7"]
[White "FranciscodelaF"]
[Black "Jungle_Jaguar"]
[Result "1-0"]
[WhiteElo "2415"]
[BlackElo "2614"]
[TimeControl "180+1"]
[EndTime "11:17:55 PDT"]
[Termination "FranciscodelaF won by checkmate"]

1. d4 Nf6 2. c4 e6 3. g3 d5 4. Bg2 Be7 5. Nf3 O-O 6. O-O dxc4 7. Ne5 Nc6 8. Nxc6 bxc6 9. Na3 Bxa3 10. bxa3 Ba6 11. Qd2 Rb8 12. Qa5 Rb6 13. a4 Qd6 14. e4 Qd7 15. Ba3 Qxd4 16. Bc5 Qe5 17. Bxb6 Qxa5 18.
Bxa5 Rd8 19. Bxc7 Rd3 20. Rfd1 Nd7 21. Bf1 Nc5 22. Bxd3 Nxd3 23. Rxd3 cxd3 24. Bd6 f6 25. f4 Kf7 26. Kf2 Ke8 27. Ke3 Bc4 28. a3 Kd7 29.
Bc5 a6 30. Rc1 Bb3 31. Kxd3 Bxa4 32. Kd4 Ke8 33. e5 Kf7 34. Kc3 Kg6 35. Kb4 Bb5 36.
a4 Be2 37. Re1 Bf3 38. exf6 gxf6 39. Rxe6 Kf5 40. Re7 h5 41. Ra7 Be2 42. Ka5 Kg4 43.
Be7 f5 44. Rxa6 Bxa6 45. Kxa6 Kh3 46. Kb6 Kxh2 47. Bh4 c5 48. Kxc5 Kg2 49. a5 Kf2 50.
a6 Kg2 51. a7 Kh2 52. a8=Q Kg1 53. Qa2 Kh1 54. Kd4 Kg1 55. Ke3 Kh1 56. Kf3 Kg1 57. Qg2# 1-0

[Event "*** Titled Tuesday Blitz"]
[Site "Chess.com"]
[Date "2020.04.28"]
[Round "7"]
[White "Jaka_Brilej"]
[Black "tsvet2005"]
[Result "0-1"]
[WhiteElo "2372"]
[BlackElo "2508"]
[TimeControl "180+1"]
[EndTime "11:17:55 PDT"]
[Termination "tsvet2005 won by resignation"]

1. e4 c5 2. Nf3 d6 3. d4 cxd4 4. Nxd4 Nf6 5. Nc3 a6 6. f3 e5 7.
Nb3 Be6 8. Be3 Be7 9. Qd2 Nbd7 10. O-O-O b5 11. g4 Nb6 12. g5 Nh5 13. Bd3 O-O 14.
Rhg1 Qc7 15. Kb1 b4 16. Ne2 a5 17. f4 a4 18. Nbc1 a3 19. b3 exf4 20. Nxf4 Nxf4 21. Bxf4 Qc5 22. Ne2 Rab8 23. Be3 Qc7 24. Nd4 Bd7 25. h4 d5 26. Bf4 Bd6 27. Bxd6 Qxd6 28.
exd5 Nxd5 29. Bc4 Nc3+ 30. Ka1 Nxd1 31. Rxd1 Bg4 32. Rg1 Bf5 33. Qf2 Bg6 34. Kb1 Rbd8 35. Rd1 Qe5 36. h5 Bxh5 37. Bd3 Bxd1 0-1